 Dungeon Crawl Stone Soup version 0.24-a0-415-g6d73c25c48 (webtiles) character file.

Game seed: 3111308758959413997

2272 ohad the Insei (level 9, 0/59 HPs)
             Began as an Octopode Transmuter on June 7, 2019.
             Slain by an ice beast (6 damage)
             ... on level 8 of the Dungeon.
             The game lasted 00:21:55 (8881 turns).

ohad the Insei (Octopode Transmuter)                Turns: 8881, Time: 00:21:56

Health: 0/59       AC:  6    Str:  9    XL:     9   Next: 38%
Magic:  11/15      EV: 23    Int: 18    God:
Gold:   127        SH:  0    Dex: 18    Spells: 2/17 levels left

rFire    . . .     SeeInvis +     - Unarmed
rCold    . . .     Gourm    +   (shield currently unavailable)
rNeg     . . .     Faith    .   (helmet currently unavailable)
rPois    x         Spirit   .   w - amulet of the gourmand
rElec    .         Reflect  .   u - ring of see invisible
rCorr    .         Harm     .   v - +1 ring of protection
MR       .....                  y - +3 ring of protection
Stlth    ++........             (no ring)
HPRegen  0.19/turn              (no ring)
MPRegen  0.14/turn              (no ring)
                                (no ring)
                                (no ring)

@: spider-form (expiring), hasted, studying Invocations, very quick
A: tiny, almost no armour, stealthy swim, (amphibious), 8 rings, (constrict 8)
a: End Transformation


You were on level 8 of the Dungeon.
You were completely stuffed.
You were a venomous arachnid creature.
You visited 2 branches of the dungeon, and saw 9 of its levels.

You collected 302 gold pieces.
You spent 175 gold pieces at shops.

Inventory:

Hand Weapons
 t - a +2 dagger of electrocution
Missiles
 a - 154 arrows
Armour
 f - a +0 buckler
Jewellery
 h - an uncursed amulet of guardian spirit
 l - an uncursed amulet of rage
 u - a ring of see invisible (left front leg)
 v - a +1 ring of protection (right front leg)
 w - an amulet of the gourmand (around neck)
 y - a +3 ring of protection (on tentacle)
Wands
 A - a wand of digging (4)
Scrolls
 e - 4 scrolls of teleportation
 g - a scroll of fear {unknown}
 i - 4 scrolls of identify
 k - a scroll of immolation {unknown}
 m - 8 scrolls of remove curse
 n - 5 scrolls of magic mapping {unknown}
 p - a scroll of amnesia {unknown}
 q - 2 scrolls of fog {unknown}
 r - 2 scrolls of enchant weapon {unknown}
 B - 2 scrolls of blinking
 C - a scroll of enchant armour {unknown}
Potions
 b - a potion of degeneration
 d - 3 potions of brilliance {unknown}
 j - 5 potions of heal wounds {unknown}
 o - 4 potions of curing
 s - a potion of mutation {unknown}
 z - a potion of flight {unknown}
Books
 D - a manual of Invocations
Comestibles
 c - 14 rations


   Skills:
 * Level 4.7 Fighting
 * Level 4.5 Dodging
 + Level 7.9 Unarmed Combat
 - Level 4.6 Spellcasting
 - Level 4.6 Transmutations
 - Level 3.8 Ice Magic


You had 2 spell levels left.
You knew the following spells:

 Your Spells              Type           Power        Failure   Level  Hunger
a - Beastly Appendage     Tmut           ###...       8%          1    None
b - Sticks to Snakes      Tmut           ###.....     11%         2    #......
c - Spider Form           Tmut/Pois      ##........   34%         3    ###....
d - Ice Form              Ice/Tmut       ###.....     45%         4    ####...
e - Blade Hands           Tmut           ###.......   71%         5    ######.

Your spell library contained the following spells:

 Spells                   Type           Power        Failure   Level  Hunger
 Animate Skeleton         Necr           N/A          32%         1    None
 Apportation              Tloc           #.....       32%         1    None
 Confusing Touch          Hex            #.....       32%         1    None
 Magic Dart               Conj           #...         32%         1    None
 Summon Small Mammal      Summ           #...         32%         1    None
 Blink                    Tloc           N/A          43%         2    #......
 Call Imp                 Summ           #.......     43%         2    #......
 Slow                     Hex            #.......     43%         2    #......
 Conjure Flame            Conj/Fire      #.......     61%         3    ###....
 Mephitic Cloud           Conj/Pois/Air  #.......     61%         3    ###....


Dungeon Overview and Level Annotations

Branches:
Dungeon (8/15)             Temple (1/1) D:6
   Lair: D:8-11

Altars:
Ashenzari
Cheibriados
Dithmenos
Elyvilon
Fedhas
Hepliaklqana
Kikubaaqudgha
Makhleb
Nemelex Xobeh
Okawaru
Ru
Trog
Uskayaw
Vehumet
Wu Jian
Xom
Yredelemnul
Zin
The Shining One

Shops:
D:4 =   D:5 [?

Annotations:
D:3 2 runed translucent doors, Sassenached's ghost, amateur DsGl


Innate Abilities, Weirdness & Mutations

You cannot wear most types of armour.
You are very stealthy in the water. (Stealth+)
((You are amphibious.))
You can wear up to eight rings at the same time.
((You can use your tentacles to constrict eight enemies at once.))
((Your skin changes colour to match your surroundings (Stealth+).))
((Your rubbery body absorbs attacks. (AC +1, EV +1)))


Message History

The orc wizard gestures at you while chanting.
The magic dart hits you. The orc completely misses you. The ice beast hits you.
The ice beast freezes you!
You hit the ice beast.
The ice beast is lightly wounded.
The orc wizard looks encouraged for a moment.
The orc completely misses you.
You barely miss the ice beast.
The ice beast is lightly wounded.
The ice beast hits you. The ice beast freezes you!
* * * LOW HITPOINT WARNING * * *
The orc wizard completely misses you. The orc barely misses you.
Unknown command.
Okay, then.
You feel yourself speed up.
Your transformation is almost over.
The ice beast hits you.
* * * LOW HITPOINT WARNING * * *
The ice beast freezes you.
You die...

..## ..... ....
.... #..# ...##
#####..# ##....
...#..# #l...
.....# #oo#
#....## ##o#
......### ##.s#
...#....######..Y#
.####.....##.....#
.# ##........##.##
.# #......####..#
## ##.....# #..# #
#.....# #.... #
##....##.?.### #
#.......###


You could see an ice beast, an iguana, an orc wizard (invisible) and 2 orcs.

Vanquished Creatures
  A hornet (D:7)
  Duvessa (D:7)
  An ice beast (D:6)
  A phantom (D:4)
  A sky beast (D:7)
  3 ogres
  A centaur (D:5)
  2 bullfrogs
  A scorpion (D:5)
  Dowan (D:7)
  3 crimson imps (D:7)
  A quasit (D:7)
  A bullfrog zombie (D:5)
  A centaur zombie (D:7)
  3 hounds
  2 jellies
  7 orc wizards
  A bullfrog skeleton (D:5)
  3 orc priests
  A gnoll shaman (D:6)
  2 iguanas
  4 worker ants
  A killer bee zombie (D:8)
  A hound skeleton (D:5)
  8 gnolls
  3 adders
  3 shadow imps
  2 oozes (D:1)
  An adder zombie (D:6)
  An adder skeleton (D:4)
  5 worms
  3 dart slugs
  4 leopard geckos
  30 orcs
  2 ball pythons
  7 giant cockroaches
  5 goblins
  8 hobgoblins
  10 jackals
  8 quokkas
  11 bats
  7 frilled lizards
  7 kobolds
  A quokka skeleton (D:5)
  6 rats
176 creatures vanquished.

Vanquished Creatures (others)
  2 plants (D:3)
2 creatures vanquished.

Grand Total: 178 creatures vanquished

Notes
Turn   | Place    | Note
-------+----------+-------------------------------------------
     0 | D:1      | ohad the Octopode Transmuter began the quest for the Orb.
     0 | D:1      | Reached XP level 1. HP: 13/13 MP: 3/3
    49 | D:1      | Reached XP level 2. HP: 15/18 MP: 5/5
   473 | D:1      | Reached XP level 3. HP: 24/24 MP: 4/6
   951 | D:2      | Reached skill level 4 in Unarmed Combat
  1120 | D:2      | Reached XP level 4. HP: 28/29 MP: 5/7
  1133 | D:2      | Learned a level 2 spell: Sticks to Snakes
  1137 | D:2      | Learned a level 3 spell: Spider Form
  1898 | D:3      | Found a sacrificial altar of Ru.
  2170 | D:3      | Found a large runed translucent door.
  2170 | D:3      | Found a large runed translucent door.
  2171 | D:3      | Noticed Sassenached's ghost (amateur DsGl)
  2325 | D:3      | Reached XP level 5. HP: 35/35 MP: 1/8
  3677 | D:4      | Reached skill level 5 in Unarmed Combat
  3678 | D:4      | Noticed an ogre
  3694 | D:4      | Killed an ogre
  3694 | D:4      | Reached XP level 6. HP: 38/41 MP: 2/9
  3822 | D:4      | Found Koefy's Jewellery Emporium.
  4224 | D:4      | Reached skill level 6 in Unarmed Combat
  4567 | D:4      | Noticed a phantom
  4631 | D:4      | Killed a phantom
  4631 | D:4      | Reached XP level 7. HP: 36/46 MP: 1/10
  4865 | D:5      | Entered Level 5 of the Dungeon
  5402 | D:5      | Reached skill level 7 in Unarmed Combat
  5753 | D:5      | Reached XP level 8. HP: 29/54 MP: 5/12
  5899 | D:5      | Found Kimeze's Antique Armour Shoppe.
  6119 | D:5      | Found Nuxki's Magic Scroll Emporium.
  6123 | D:5      | Bought a scroll of blinking for 105 gold pieces
  6123 | D:5      | Bought a scroll of identify for 28 gold pieces
  6132 | D:5      | Bought a scroll of remove curse for 42 gold pieces
  6388 | D:5      | Learned a level 4 spell: Ice Form
  6405 | D:6      | Reached skill level 1 in Ice Magic
  6615 | D:6      | Found a staircase to the Ecumenical Temple.
  6728 | D:6      | Found a white marble altar of Elyvilon.
  7002 | Temple   | Entered the Ecumenical Temple
  7550 | D:7      | Noticed Duvessa
  7550 | D:7      | Noticed Dowan
  7626 | D:7      | Noticed a hornet
  7633 | D:7      | Killed a hornet
  7633 | D:7      | Reached XP level 9. HP: 58/58 MP: 6/15
  7698 | D:7      | Learned a level 5 spell: Blade Hands
  7765 | D:7      | Killed Dowan
  7907 | D:7      | Found a snail-covered altar of Cheibriados.
  7941 | D:7      | Killed Duvessa
  8024 | D:7      | Found a bloodstained altar of Trog.
  8881 | D:8      | Slain by an ice beast

Levels and vault maps discovered:
D:1:      minmay_arrival_four_houses, layout_rooms,
          chequers_serial_rivers_small_b, st_stairs_10
D:2:      layout_loops_corners
D:3:      wad_woods_stonehenge, layout_basic, ebering_ghost_disaster_area,
          first_ration, grunt_ministairs_1
D:4:      layout_basic, serial_shops, kennysheep_mini
D:5:      layout_loops_ring, serial_shops, nicolae_shop_overgrown_old_shop,
          nicolae_shop_waterfront
D:6:      layout_loops_ring, old_standard_altar, minmay_temple_entry_junction_2,
          minmay_manual_moon
D:7:      layout_layer_cave, lemuel_crystal_altar, lightli_temple_of_fire,
          uniq_duvessa
D:8:      layout_layer_cave, minitemple, old_standard_altar
Temple:   eino_temple_rhombus

Skill      XL: |  1  2  3  4  5  6  7  8  9 |
---------------+----------------------------+-----
Unarmed Combat | 4 5 6 7 |  7.9
Fighting       | 2 3 4 |  4.7
Dodging        | 3 4 |  4.5
Spellcasting   | 4 |  4.6
Transmutations | 4 |  4.6
Ice Magic      | 3 |  3.8

Action                   |  1- 3 |  4- 6 |  7- 9 || total
-------------------------+-------+-------+-------++-------
Melee: Unarmed           |    92 |   172 |   278 ||   542
       Kick              |     7 |     4 |     3 ||    14
       Constrict         |    26 |    32 |    22 ||    80
       Tentacles         |    14 |    21 |    22 ||    57
       Punch             |     4 |     2 |    10 ||    16
       Dagger            |       |    10 |       ||    10
 Cast: Beastly Appendage |     6 |     7 |     4 ||    17
       Spider Form       |       |    12 |    23 ||    35
       Sticks to Snakes  |       |     4 |     1 ||     5
       Ice Form          |       |       |     1 ||     1
  Use: Scroll            |       |       |     4 ||     4
       Potion            |       |       |     2 ||     2
 Stab: Sleeping          |     7 |     5 |     4 ||    16
       Distracted        |       |     1 |       ||     1
  Eat: Chunk             |     1 |    13 |    22 ||    36
       Ration            |       |       |     1 ||     1
Armor: Skin              |    13 |     8 |    23 ||    44
Dodge: Dodged            |    67 |   115 |   204 ||   386

Table legend:
 A = Non-vault XP
 B = Vault XP
 C = Vault XP percentage of total XP
 D = Non-vault monster count
 E = Vault monster count
 F = Vault count percentage of total count
                 A         B        C        D         E       F
            +---------+---------+-------+---------+---------+-------
      Total |    2852 |     395 |  12.2 |     159 |      17 |   9.7
            +---------+---------+-------+---------+---------+-------
        D:1 |      55 |      12 |  17.9 |      27 |       4 |  12.9
        D:2 |      56 |       0 |   0.0 |      18 |       0 |   0.0
        D:3 |      86 |      17 |  16.5 |      21 |       8 |  27.6
        D:4 |     506 |       0 |   0.0 |      27 |       0 |   0.0
        D:5 |     743 |       0 |   0.0 |      24 |       0 |   0.0
        D:6 |     379 |     155 |  29.0 |      25 |       3 |  10.7
        D:7 |     915 |     211 |  18.7 |      13 |       2 |  13.3
        D:8 |     112 |       0 |   0.0 |       4 |       0 |   0.0
            +---------+---------+-------+---------+---------+-------
